 Dungeon Crawl Stone Soup version bcrawl-1.12-10-g10a67aac0f (webtiles) character file.

Game seed: 661160828716179487

5 MisterOstroum the Sneak (level 1, 0/13 HPs)
             Began as a Vampire Rogue on June 14, 2019.
             Slain by a jackal (2 damage)
             ... on level 1 of the Dungeon.
             The game lasted 00:00:22 (72 turns).

MisterOstroum the Sneak (Vampire Rogue)               Turns: 72, Time: 00:00:23

Health: 0/13       AC:  3    Str: 14    XL:     1   Next: 66%
Magic:  2/2        EV: 11    Int: 11    God:
Gold:   0          SH:  0    Dex: 14    Spells: 0/0 levels left

rFire    . . .     SeeInvis +   a - +2 dagger
rCold    . . .     Gourm    .   (no shield)
rNeg     + . .     Faith    .   c - +0 robe
rPois    .         Spirit   .   (no helmet)
rElec    .         Reflect  .   d - +0 cloak
rCorr    .         Harm     .   (no gloves)
MR       .....                  (no boots)
Stlth    ++++......             (no amulet)
HPRegen  0.04/turn              (no ring)
MPRegen  0.08/turn              (no ring)

@: no status effects
A: claws 1, fangs 3, see invisible, unbreathing
a: no special abilities


You were on level 1 of the Dungeon.
You were not thirsty.

You visited 1 branch of the dungeon, and saw 1 of its levels.

Inventory:

Hand Weapons
 a - a +2 dagger (weapon)
 b - a +0 blowgun
Missiles
 e - 80 poisoned needles
 i - a throwing net (quivered) {!f!f}
Armour
 c - a +0 robe (worn)
 d - a +0 cloak (worn)
Wands
 f - a wand of flame (15)
 g - a wand of enslavement (15)
Potions
 h - 2 potions of blood
 j - a potion of haste {unknown}
 k - a potion of flight {unknown}


   Skills:
 + Level 3.1 Short Blades
 - Level 1.5 Throwing
 - Level 6.4 Stealth
 - Level 2.0 Evocations


You couldn't memorise any spells.
You didn't know any spells.
Your spell library was empty.

Dungeon Overview and Level Annotations

Branches:
Dungeon (1/12)

Altars:


Innate Abilities, Weirdness & Mutations

You have sharp fingernails.
You have razor-sharp teeth.
You have supernaturally acute eyesight. (SInv)
You can survive without breathing.


Message History

Welcome, MisterOstroum the Vampire Rogue.
Will you prevail where others failed? Will you find the Orb of Zot?
Press ? for a list of commands and other information.
Found a staircase leading out of the dungeon.
Found a ring mail.
Found a hand axe.
i - a throwing net {!f!f} No target in view!
No target in view!
A goblin comes into view.
Found a ration and a metallic yellow potion.
You see here a fizzy puce potion.
A goblin is nearby!
A goblin is nearby!
You see here a ration {!d}.
You see here a metallic yellow potion.
The helpless goblin fails to defend itself.
You impale the goblin!!
You kill the goblin!
No target in view!
No target in view!
j - a metallic yellow potion You bottle the corpse's blood.
Things that are here:
a potion of blood; a goblin skeleton
h - 2 potions of blood (gained 1)
You see here a goblin skeleton.
You see here a ration {!d}.
k - a fizzy puce potion You see here a hand axe.
You open the door.
A jackal and a kobold come into view.
The jackal barks!
You hear a bark!
A jackal comes into view.
You hear a shout!
The jackal bites you but does no damage.
There is an open door here.
The kobold shouts!
The jackal barks!
You hit the jackal but do no damage.
The jackal bites you but does no damage.
The jackal bites you.
You hit the jackal but do no damage. You hit the jackal.
The jackal is severely wounded.
A leopard gecko comes into view.
You closely miss the jackal.
The jackal is severely wounded.
The jackal bites you but does no damage.
The jackal bites you. The jackal closely misses you.
A jackal comes into view.
The leopard gecko hisses angrily.
The jackal barks!
You hit the jackal.
You kill the jackal!
The jackal barely misses you. The jackal misses you.
You see here a hand axe.
You hit the jackal but do no damage.
The jackal bites you but does no damage.
The jackal bites you.
You barely miss the jackal. You bite the jackal, but do no damage.
The jackal closely misses you.
You hit the jackal but do no damage.
The jackal bites you but does no damage.
You hit the jackal. You bite the jackal, but do no damage.
The jackal is lightly wounded.
The jackal bites you but does no damage.
You barely miss the jackal.
The jackal is lightly wounded.
The jackal completely misses you.
You closely miss the jackal.
The jackal is lightly wounded.
The jackal bites you.
The jackal bites you but does no damage.
You are too injured to fight recklessly!
You are too injured to fight recklessly!
You are too injured to fight recklessly!
You are too injured to fight recklessly!
You hit the jackal.
The jackal is almost dead.
The jackal bites you but does no damage.
You hit the jackal.
You kill the jackal!
You barely miss the leopard gecko. The leopard gecko misses you.
You hit the leopard gecko but do no damage.
Your bite misses the leopard gecko.
The leopard gecko bites you but does no damage.
You hit the leopard gecko.
The leopard gecko is heavily wounded.
The leopard gecko bites you.
* * * LOW HITPOINT WARNING * * *
You hit the leopard gecko.
You kill the leopard gecko!
Your Short Blades skill increases to level 3!
The jackal bites you.
You die...

.###.# #.#
#.#.# #.#.##
##.#.##.#
#.## #.# #.#
#.#.##
##.#.##.#
.###.# #.#
#.#.#
####.###
##.####..#
....<..#
.........+
####.##.#
##.####.##
#.# #.#
#÷###@## #.#
#.##.##h##
#.# #.#%#K##
...#####..†##
#........)##
#+#######'#
.......†#
#######.# .l.


You could see a jackal and a kobold.

Vanquished Creatures
  A leopard gecko (D:1)
  2 jackals (D:1)
  A goblin (D:1)
4 creatures vanquished.

Notes
Turn   | Place    | Note
-------+----------+-------------------------------------------
     0 | D:1      | MisterOstroum the Vampire Rogue began the quest for the
                  | Orb.
     0 | D:1      | Reached XP level 1. HP: 13/13 MP: 2/2
    72 | D:1      | Slain by a jackal

Skill      XL: |  1 |
---------------+----+-----
Short Blades   | 3 |  3.1
Throwing       | |  1.5
Stealth        | |  6.4
Evocations     | |  2.0

Action                   || total
-------------------------++-------
Melee: Dagger            ||    18
       Bite              ||     2
 Stab: Sleeping          ||     1
Armor: Robe              ||     9
Dodge: Dodged            ||     6
